% Time on Ice - SAN JOSE BRONCOS
Lines # - Real PCT - Wanted PCT - Time Play
Normal Forward
1 - 35% - 36% - 17:26
2 - 29% - 31% - 14:19
3 - 23% - 23% - 11:14
4 - 13% - 10% - 6:16
Normal Defense
1 - 36% - 39% - 17:57
2 - 31% - 34% - 15:29
3 - 32% - 27% - 15:49
4 - 0% - 0% - 0:00
PP Forward
1 - 48% - 55% - 4:14
2 - 52% - 45% - 4:32
PP Defense
1 - 49% - 55% - 4:18
2 - 51% - 45% - 4:28
PK Forward
1 - 0% - 55%
2 - 0% - 45%
PK Defense
1 - 0% - 55%
2 - 0% - 45%
PK3 Forward
1 - 0% - 50%
2 - 0% - 50%
PK3 Defense
1 - 0% - 55%
2 - 0% - 45%
44 Forward
1 - 61% - 55% - 1:13
2 - 39% - 45% - 0:46
44 Defense
1 - 39% - 55% - 0:46
2 - 61% - 45% - 1:13
Last Minute Offensive  - 0:00
Last Minute Defensive  - 0:00
Total
Forward - 60:00
Defense - 60:00
% Time on Ice - CALGARY FIREMEN
Lines # - Real PCT - Wanted PCT - Time Play
Normal Forward
1 - 33% - 34% - 16:22
2 - 32% - 31% - 15:56
3 - 25% - 25% - 12:06
4 - 10% - 10% - 4:51
Normal Defense
1 - 32% - 34% - 15:52
2 - 36% - 31% - 17:56
3 - 26% - 25% - 12:55
4 - 5% - 10% - 2:32
PP Forward
1 - 0% - 50%
2 - 0% - 50%
PP Defense
1 - 0% - 50%
2 - 0% - 50%
PK Forward
1 - 50% - 50% - 4:24
2 - 50% - 50% - 4:22
PK Defense
1 - 54% - 50% - 4:44
2 - 46% - 50% - 4:02
PK3 Forward
1 - 0% - 50%
2 - 0% - 50%
PK3 Defense
1 - 0% - 50%
2 - 0% - 50%
44 Forward
1 - 44% - 55% - 0:52
2 - 56% - 45% - 1:07
44 Defense
1 - 66% - 55% - 1:18
2 - 34% - 45% - 0:41
Last Minute Offensive  - 0:00
Last Minute Defensive  - 0:00
Total
Forward - 60:00
Defense - 60:00
Play-by-Play 1st period 0:01 of 1st period - Ryan Johansen wins face-off versus Evgeni Malkin in neutral zone. 0:35 of 1st period - Shot by Filip Forsberg. 0:35 of 1st period - Shot Misses the Net. 0:37 of 1st period - Shot by Filip Forsberg. 0:37 of 1st period - Stopped by Jacob Markstrom with a rebound. 0:41 of 1st period - Shot by Filip Forsberg. 0:41 of 1st period - Stopped by Jacob Markstrom without a rebound. 0:42 of 1st period - Mikko Koivu wins face-off versus Adam Henrique in SAN JOSE BRONCOS zone. 0:48 of 1st period - Icing by Adam Pelech. 0:49 of 1st period - Mikko Koivu wins face-off versus Luke Glendening in SAN JOSE BRONCOS zone. 0:54 of 1st period - Luke Glendening is hit by Dustin Brown and loses puck. 1:25 of 1st period - Shot by Connor Brown. 1:25 of 1st period - Shot Misses the Net. 2:09 of 1st period - Shot by Tomas Tatar. 2:09 of 1st period - Shot Misses the Net. 2:42 of 1st period - Icing by Brady Skjei. 2:43 of 1st period - Mikko Koivu wins face-off versus Ryan Johansen in SAN JOSE BRONCOS zone. 3:28 of 1st period - Icing by Ryan Johansen. 3:29 of 1st period - Nick Bonino wins face-off versus Ryan Johansen in CALGARY FIREMEN zone. 4:02 of 1st period - Ian Cole is hit by Oliver Bjorkstrand and loses puck. 4:53 of 1st period - Shot by Zach Parise. 4:53 of 1st period - Stopped by Devan Dubnyk without a rebound. 4:54 of 1st period - Adam Henrique wins face-off versus Jordan Weal in CALGARY FIREMEN zone. 4:54 of 1st period - Adam Henrique is hit by Carter Rowney. 5:10 of 1st period - Minor Penalty to Brent Seabrook for Hooking. 5:11 of 1st period - Evgeni Malkin wins face-off versus Oskar Lindblom in CALGARY FIREMEN zone. 7:12 of 1st period - Icing by Nick Holden. 7:13 of 1st period - Adam Henrique wins face-off versus Jordan Weal in SAN JOSE BRONCOS zone. 7:17 of 1st period - Tomas Tatar is hit by Nick Holden and loses puck. 7:38 of 1st period - Shot by Tomas Tatar. 7:38 of 1st period - Shot Misses the Net. 7:51 of 1st period - Off-side. 7:52 of 1st period - Ryan Johansen wins face-off versus Evgeni Malkin in neutral zone. 7:56 of 1st period - Filip Forsberg is hit by Hampus Lindholm and loses puck. 8:14 of 1st period - Minor Penalty to Ian Cole for Diving. 8:15 of 1st period - Nick Bonino wins face-off versus Luke Glendening in CALGARY FIREMEN zone. 8:46 of 1st period - Shot by Connor Brown. 8:46 of 1st period - Shot Misses the Net. 8:48 of 1st period - Shot by Nick Bonino. 8:48 of 1st period - Goal by Nick Bonino - SAN JOSE BRONCOS : 1 - CALGARY FIREMEN : 0. 8:49 of 1st period - Evgeni Malkin wins face-off versus Mats Zuccarello in neutral zone. 9:22 of 1st period - Nick Holden is hit by Tomas Tatar and loses puck. 9:30 of 1st period - Icing by Nick Holden. 9:31 of 1st period - Evgeni Malkin wins face-off versus Luke Glendening in SAN JOSE BRONCOS zone. 9:54 of 1st period - Shot by Oskar Lindblom. 9:54 of 1st period - Shot Misses the Net. 10:08 of 1st period - Shot by Oskar Lindblom. 10:08 of 1st period - Stopped by Jacob Markstrom with a rebound. 11:07 of 1st period - Mikko Koivu is hit by Filip Forsberg and loses puck. 11:11 of 1st period - Minor Penalty to Ryan Johansen for Roughing. 11:12 of 1st period - Evgeni Malkin wins face-off versus Brett Howden in CALGARY FIREMEN zone. 11:27 of 1st period - Shot by Evgeni Malkin. 11:27 of 1st period - Goal by Evgeni Malkin - SAN JOSE BRONCOS : 2 - CALGARY FIREMEN : 0. 11:28 of 1st period - Adam Henrique wins face-off versus Mikko Koivu in neutral zone. 11:47 of 1st period - Shot by Adam Henrique. 11:47 of 1st period - Shot Misses the Net. 12:25 of 1st period - Shot by Evgeni Malkin. 12:25 of 1st period - Shot Misses the Net. 12:29 of 1st period - Shot by Zach Parise. 12:29 of 1st period - Stopped by Devan Dubnyk without a rebound. 12:30 of 1st period - Luke Glendening wins face-off versus Nick Bonino in CALGARY FIREMEN zone. 12:41 of 1st period - Shot by Tyler Johnson. 12:41 of 1st period - Shot Misses the Net. 13:16 of 1st period - Shot by Brayden Point. 13:16 of 1st period - Deflect By Nick Bonino. 13:16 of 1st period - Stopped by Devan Dubnyk without a rebound. 13:17 of 1st period - Ryan Johansen wins face-off versus Evgeni Malkin in CALGARY FIREMEN zone. 13:17 of 1st period - Ryan Johansen is hit by Evgeni Malkin. 13:23 of 1st period - Hampus Lindholm is hit by Ryan Johansen and loses puck. 14:55 of 1st period - Off-side. 14:56 of 1st period - Luke Glendening wins face-off versus Nick Bonino in neutral zone. 15:25 of 1st period - Shot by Oskar Lindblom. 15:25 of 1st period - Deflect By Tyler Johnson. 15:25 of 1st period - Stopped by Jacob Markstrom without a rebound. 15:26 of 1st period - Evgeni Malkin wins face-off versus Adam Henrique in SAN JOSE BRONCOS zone. 15:48 of 1st period - Icing by Alexander Radulov. 15:49 of 1st period - Evgeni Malkin wins face-off versus Luke Glendening in SAN JOSE BRONCOS zone. 15:57 of 1st period - Evgeni Malkin is hit by Ian Cole and loses puck. 16:03 of 1st period - Luke Glendening is hit by Alexander Radulov and loses puck. 16:18 of 1st period - Zach Parise is hit by Ian Cole and loses puck. 17:18 of 1st period - Minor Penalty to Noah Hanifin for Holding Stick. 17:19 of 1st period - Nick Bonino wins face-off versus Brett Howden in CALGARY FIREMEN zone. 18:00 of 1st period - Shot by Connor Brown. 18:00 of 1st period - Shot Misses the Net. 18:02 of 1st period - Shot by Nick Bonino. 18:02 of 1st period - Stopped by Devan Dubnyk without a rebound. 18:03 of 1st period - Evgeni Malkin wins face-off versus Colton Sceviour in CALGARY FIREMEN zone. 18:32 of 1st period - Shot by Colton Sceviour. 18:32 of 1st period - Stopped by Jacob Markstrom without a rebound. 18:33 of 1st period - Luke Glendening wins face-off versus Dustin Brown in SAN JOSE BRONCOS zone. 18:52 of 1st period - Shot by Dustin Brown. 18:52 of 1st period - Deflect By Connor Brown. 18:52 of 1st period - Shot Misses the Net. 18:54 of 1st period - Shot by Adam Pelech. 18:54 of 1st period - Shot Misses the Net. 19:27 of 1st period - Minor Penalty to Ryan Graves for Holding. 19:28 of 1st period - Evgeni Malkin wins face-off versus Brett Howden in CALGARY FIREMEN zone. 19:33 of 1st period - Shot by Alexander Radulov. 19:33 of 1st period - Shot Misses the Net. 19:35 of 1st period - Shot by Jaccob Slavin. 19:35 of 1st period - Shot Blocked by Andy Greene. 19:39 of 1st period - Shot by Evgeni Malkin. 19:39 of 1st period - Stopped by Devan Dubnyk without a rebound. 19:40 of 1st period - Nick Bonino wins face-off versus B